 Dungeon Sprint DCSS version 0.29.1-15-g9cfb28693d (webtiles) character file.

Game seed: 13094388015521815108

140 Groucho the Digger (level 5, 0/24 HPs)
             Began as a Spriggan Earth Elementalist on Mar 4, 2023.
             Was an Elder of Sif Muna.
             Killed by nerve-wracking pain
             ... invoked by an orc priest
              (5 damage)
             ... in the Dungeon (Sprint VII: "The Pits").
             The game lasted 00:04:05 (1177 turns).

Groucho the Digger (Spriggan Earth Elementalist)    Turns: 1177, Time: 00:04:06

Health: 0/24       AC:  2    Str:  4    XL:     5   Next: 2%
Magic:  8/14       EV: 20    Int: 18    God:    Sif Muna [****..]
Gold:   0          SH:  0    Dex: 16    Spells: 11/15 levels left

rFire   . . .      SeeInvis +   h - +2 quarterstaff
rCold   . . .      Faith    .   (shield currently unavailable)
rNeg    . . .      Spirit   .   a - +0 robe
rPois   .          Reflect  .   (helmet restricted)
rElec   .          Harm     .   (no cloak)
rCorr   .          Rampage  .   (gloves unavailable)
Will    .....      NoTele   +   (boots unavailable)
Stlth   ++........              (no amulet)
HPRegen 0.08/turn               (no ring)
MPRegen 0.14/turn               (no ring)

@: very slightly contaminated, very quick
A: very small, no large weapons, unfitting armour, see invisible, speed 3
a: Renounce Religion, Channel Magic, Forget Spell, Divine Exegesis


You were in the Dungeon.
You worshipped Sif Muna.
Sif Muna was greatly pleased with you.
You visited 1 branch

Inventory:

Hand Weapons
 h - a +2 quarterstaff (weapon)
Missiles
 j - 10 stones
Armour
 a - a +0 robe (worn)
Scrolls
 g - a scroll of blinking
 k - 5 scrolls of amnesia
 l - a scroll of summoning
Potions
 b - 5 potions of magic
 c - 6 potions of curing
 d - 5 potions of heal wounds
 e - a potion of haste
 f - 3 potions of berserk rage
 i - 2 potions of invisibility


   Skills:
 + Level 5.8 Dodging
 - Level 3.0 Stealth
 + Level 5.5 Spellcasting
 * Level 4.2 Conjurations
 - Level 1.3 Transmutations
 * Level 5.9 Earth Magic


You had 11 spell levels left.
You knew the following spells:

 Your Spells              Type           Power      Damage    Failure   Level
a - Sandblast             Erth           52%        2d12      1%          1
b - Stone Arrow           Conj/Erth      46%        3d9       4%          3

Your spell library contained the following spells:

 Spells                   Type           Power      Damage    Failure   Level
 Passwall                 Tmut/Erth      15%        N/A       4%          2
 Petrify                  Tmut/Erth      18%        N/A       28%         4


Dungeon Overview and Level Annotations

Branches:
Dungeon (1/1)

Altars:
Ashenzari
Cheibriados
Dithmenos
Elyvilon
Fedhas
Gozag
Hepliaklqana
Kikubaaqudgha
Makhleb
Nemelex Xobeh
Okawaru
Qazlal
Ru
Sif Muna
Trog
Uskayaw
Vehumet
Wu Jian
Xom
Yredelemnul
Zin
The Shining One
Jiyva
Lugonu


Innate Abilities, Weirdness & Mutations

You are very small and have problems with some larger weapons.
You are too small for most types of armour.
You have supernaturally acute eyesight. (SInv)
You cover ground extremely quickly. (Speed+++)


Message History

Aiming: Sandblast (safe; 1% risk of failure)
Press: ? - help, Shift-Dir - straight line, f/p - orc priest
Aim: an orc priest, wielding a +0 hand axe and wearing a +0 chain mail (87% to hit)
The blast of sand hits the orc priest but does no damage.
Aiming: Sandblast (safe; 1% risk of failure)
Press: ? - help, Q - select action, (/) - cycle Shift-Dir - straight line, f/p - orc priest
Aim: an orc priest, wielding a +0 hand axe and wearing a +0 chain mail (87% to hit)
The blast of sand hits the orc priest but does no damage.
The orc priest misses you.
Aiming: Sandblast (safe; 1% risk of failure)
Press: ? - help, Q - select action, (/) - cycle Shift-Dir - straight line, f/p - orc priest
Aim: an orc priest, wielding a +0 hand axe and wearing a +0 chain mail (87% to hit)
The blast of sand hits the orc priest but does no damage.
The orc priest misses you.
The orc priest hits you with a +0 hand axe.
Unknown command.
Unknown command.
Aiming: Sandblast (safe; 1% risk of failure)
Press: ? - help, Q - select action, (/) - cycle Shift-Dir - straight line, f/p - orc priest
Aim: an orc priest, wielding a +0 hand axe and wearing a +0 chain mail (87% to hit)
You miscast Sandblast.
You are very lightly contaminated with residual magic.
Nothing appears to happen.
The orc priest misses you.
Aiming: Sandblast (safe; 1% risk of failure)
Press: ? - help, Q - select action, (/) - cycle Shift-Dir - straight line, f/p - orc priest
Aim: an orc priest, wielding a +0 hand axe and wearing a +0 chain mail (87% to hit)
The blast of sand hits the orc priest.
The orc priest is heavily wounded.
The orc priest misses you.
Aiming: Sandblast (safe; 1% risk of failure)
Press: ? - help, Q - select action, (/) - cycle Shift-Dir - straight line, f/p - orc priest
Aim: an orc priest, wielding a +0 hand axe and wearing a +0 chain mail (heavily wounded, 87% to hit)
The blast of sand hits the orc priest but does no damage.
The orc priest is heavily wounded.
The orc priest hits you with a +0 hand axe.
* * * LOW HITPOINT WARNING * * *
The orc priest invokes the aid of Beogh against you.
Pain shoots through your body!
You die...

############ #_________.#
#_________.#
#_______...###########++##
##########'##.............
#.?..')))'.##......#..#...
##########.##.............
#......oo@..+.h...........
#'#####'#####).....#..#...
#.#..#..#..##.............
#.#).'..)..#####'#####++##
#M##'####'###.......#
#.#........##.......#
#.#........##.......#
#†#####'#####...<...#
#)#...)))[.##.......#


You could see an orc priest and an orc.

Vanquished Creatures
  A wolf (D)
  A mummy (D)
  An adder (D)
  A gnoll (D)
  A river rat (D)
  4 orcs (D)
  A ball python (D)
  An endoplasm (D)
  A goblin (D)
  A bat (D)
  A kobold (D)
  2 rats (D)
16 creatures vanquished.

Notes
Turn   | Place    | Note
-------+----------+-------------------------------------------
     0 | D        | Groucho the Spriggan Earth Elementalist began the quest for
                  | the Orb.
     0 | D        | Reached XP level 1. HP: 9/9 MP: 5/5
    13 | D        | Reached skill level 1 in Conjurations
    13 | D        | Reached XP level 2. HP: 13/13 MP: 4/7
    44 | D        | Found a glowing golden altar of the Shining One.
    44 | D        | Found a glowing silver altar of Zin.
    44 | D        | Found a basalt altar of Yredelemnul.
    44 | D        | Found a shimmering altar of Xom.
    44 | D        | Found an ornate altar of the Wu Jian Council.
    44 | D        | Found a bloodstained altar of Trog.
    44 | D        | Found a shimmering blue altar of Sif Muna.
    44 | D        | Found a sacrificial altar of Ru.
    44 | D        | Found a stormy altar of Qazlal.
    44 | D        | Found an iron altar of Okawaru.
    44 | D        | Found a sparkling altar of Nemelex Xobeh.
    44 | D        | Found a burning altar of Makhleb.
    44 | D        | Found a viscous altar of Jiyva.
    44 | D        | Found a hazy altar of Hepliaklqana.
    44 | D        | Found an opulent altar of Gozag.
    44 | D        | Found a blossoming altar of Fedhas.
    44 | D        | Found a white marble altar of Elyvilon.
    44 | D        | Found a shadowy altar of Dithmenos.
    44 | D        | Found a snail-covered altar of Cheibriados.
    45 | D        | Found a radiant altar of Vehumet.
    45 | D        | Found a corrupted altar of Lugonu.
    46 | D        | Found a hide-covered altar of Uskayaw.
    46 | D        | Found an ancient bone altar of Kikubaaqudgha.
    46 | D        | Found a broken altar of Ashenzari.
    60 | D        | Became a worshipper of Sif Muna the Loreminder
    87 | D        | Reached * piety under Sif Muna
   331 | D        | Reached XP level 3. HP: 16/16 MP: 4/9
   331 | D        | Reached ** piety under Sif Muna
   534 | D        | Noticed a warg
   540 | D        | Noticed a wolf
   541 | D        | Reached *** piety under Sif Muna
   550 | D        | Killed a wolf
   551 | D        | Reached skill level 5 in Dodging
   551 | D        | Reached skill level 5 in Spellcasting
   551 | D        | Reached skill level 5 in Earth Magic
   551 | D        | Reached XP level 4. HP: 20/21 MP: 0/12
   577 | D        | Reached **** piety under Sif Muna
   578 | D        | Reached XP level 5. HP: 24/24 MP: 0/14
   857 | D        | Learned a level 3 spell: Stone Arrow
  1177 | D        | Killed from afar by an orc priest

Illustrated notes

Levels and vault maps discovered:
D:        pitsprint [storerooms_1, entrance_room_1, metal_vault_1, armoury_1,
          mini_pit_1, grid_room_1, main_hall_1, silver_pit, the_coven_2,
          the_vestibule_1, steel_vault_2, golden_pit, hallway_of_sentries,
          crystal_vault_5, iron_vault_3, final_vault]

Skill      XL: |  1  2  3 |
---------------+----------+-----
Dodging        | 3 4 5 |  5.8
Spellcasting   | 3 4 5 |  5.5
Conjurations   | 1 2 4 |  4.2
Earth Magic    | 3 4 5 |  5.9
Stealth        | |  3.0
Transmutations | |  1.3

Action                   |  1- 3 |  4- 6 || total
-------------------------+-------+-------++-------
 Cast: Sandblast         |    25 |    13 ||    38
  Use: Potion            |     1 |       ||     1
Armor: Robe              |     1 |       ||     1
Dodge: Dodged            |    18 |     6 ||    24
